 Dungeon Crawl Stone Soup version 0.28.0-43-g3370ac3207 (webtiles) character file.

Game seed: 13314403212640294749

13058 nickcage the Fencer (level 11, -6/90 HPs)
             Began as a Minotaur Fighter on Mar 8, 2022.
             Was a Priest of Hepliaklqana.
             Killed from afar by an electric eel (10 damage)
             ... with a bolt of electricity
             ... on level 2 of the Lair of Beasts.
             The game lasted 00:27:26 (13663 turns).

nickcage the Fencer (Minotaur Fighter)             Turns: 13663, Time: 00:27:27

Health: -6/90      AC: 15    Str: 24    XL:     11   Next: 70%
Magic:  0/10       EV:  7    Int:  5    God:    Hepliaklqana [***...]
Gold:   790        SH:  0    Dex: 11    Spells: 10/10 levels left

rFire   + . .      SeeInvis .   y - +5 great sword
rCold   . . .      Faith    .   (shield currently unavailable)
rNeg    . . .      Spirit   +   r - +0 plate armour
rPois   +          Reflect  .   (helmet restricted)
rElec   .          Harm     .   j - scarf {repulsion}
rCorr   .          Rampage  .   (no gloves)
Will    .....                   (no boots)
Stlth   ..........              N - amulet of guardian spirit
HPRegen 0.25/turn               L - +4 ring of slaying
MPRegen 0.12/turn               l - ring "Xaanaziz" {rPois rF+}

@: repel missiles
A: reduced essence, horns 2, retaliatory headbutt
a: Renounce Religion, Recall Ancestor, Ancestor Identity, Transference


You were on level 2 of the Lair of Beasts.
You worshipped Hepliaklqana.
Hepliaklqana was most pleased with you.
You visited 3 branches of the dungeon, and saw 14 of its levels.

You collected 790 gold pieces.

Inventory:

Hand Weapons
 u - the +10 flail "Benir" {freeze, rPois rF+ Will-}
   (You found it on level 4 of the Dungeon)

   It freezes those it strikes, dealing additional cold damage.
   It can also slow down cold-blooded creatures.
   rF:        It protects you from fire.
   rPois:     It protects you from poison.
   Will:      It decreases your willpower.
 y - a +5 great sword (weapon)
Missiles
 d - 14 poisoned darts (quivered)
Armour
 a - an orb of mayhem
 c - a +0 buckler
 j - a scarf of repulsion (worn)
 r - a +0 plate armour (worn)
Jewellery
 e - a ring of see invisible
 l - the ring "Xaanaziz" (right hand) {rPois rF+}
   (You found it on level 2 of the Dungeon)

   [ring of poison resistance]

   rF:        It protects you from fire.
   rPois:     It protects you from poison.
 n - a ring of protection from cold
 w - an amulet of faith
 B - a ring of positive energy
 E - a ring of wizardry
 L - a +4 ring of slaying (left hand)
 N - an amulet of guardian spirit (around neck)
Wands
 q - a wand of iceblast (8)
 K - a wand of flame (13)
 M - a wand of paralysis (1)
Scrolls
 g - 2 scrolls of teleportation
 k - 5 scrolls of amnesia
 s - 12 scrolls of identify
 t - 2 scrolls of blinking
 z - a scroll of vulnerability
 C - 2 scrolls of fear
 D - a scroll of summoning
 F - a scroll of noise {unknown}
 G - a scroll of magic mapping {unknown}
 J - a scroll of enchant weapon {unknown}
 O - a scroll of enchant armour {unknown}
Potions
 b - a potion of degeneration {unknown}
 f - 2 potions of flight {unknown}
 h - 3 potions of cancellation {unknown}
 i - a potion of heal wounds {unknown}
 m - 6 potions of attraction
 o - 3 potions of curing {unknown}
 p - a potion of resistance {unknown}
 v - 2 potions of lignification {unknown}
 x - 5 potions of haste {unknown}
 A - a potion of magic {unknown}


   Skills:
 + Level 10.3 Fighting
 + Level 16.1 Long Blades
 - Level 2.2 Maces & Flails
 - Level 0.1 Throwing
 + Level 12.5 Armour
 - Level 4.0 Shields


You had 10 spell levels left.
You didn't know any spells.
Your spell library contained the following spells:

 Spells                   Type           Power      Damage    Failure   Level
 Magic Dart               Conj           0%         1d3       99%         1
 Searing Ray              Conj           0%         2d4       100%        2
 Fulminant Prism          Conj/Hex       0%         3d6       100%        4
 Summon Ice Beast         Ice/Summ       0%         N/A       100%        4
 Summon Mana Viper        Hex/Summ       0%         N/A       100%        5
 Monstrous Menagerie      Summ           0%         N/A       100%        7


Dungeon Overview and Level Annotations

Branches:
Dungeon (11/15)            Temple (1/1) D:6            Lair (2/6) D:8
  Swamp (0/4) Lair:2
  Snake: Lair:2-4    Spider: Lair:2-4       Orc: D:9-12

Altars:
Cheibriados
Dithmenos
Elyvilon
Gozag
Hepliaklqana
Makhleb
Okawaru
Qazlal
Ru
Trog
Uskayaw
Vehumet
Xom
Yredelemnul
Zin
The Shining One


Innate Abilities, Weirdness & Mutations

Your life essence is reduced to manifest your ancestor. (-10% HP)
You have a pair of horns on your head.
You reflexively headbutt those who attack you in melee.


Message History

The electric eel shoots out a bolt of lightning at you!
The bolt of electricity hits you.
The electric eel shoots out a bolt of lightning at you!
The bolt of electricity hits you!
The electric eel shoots out a bolt of lightning at you!
The bolt of electricity hits the electric eel.
The electric eel completely resists.
The bolt of electricity hits you! x2
The electric eel shoots out a bolt of lightning at you!
The bolt of electricity hits you! The bolt of electricity hits you.
The bolt of electricity hits the electric eel.
The electric eel completely resists.
You barely miss the electric eel.
The electric eel shoots out a bolt of lightning at you!
The bolt of electricity hits the electric eel.
The electric eel completely resists.
The bolt of electricity misses you. The bolt of electricity hits you.
The bolt of electricity hits Hori!
The electric eel shoots out a bolt of lightning at you!
The bolt of electricity hits you!
* * * LOW HITPOINT WARNING * * *
The bolt of electricity hits you!
* * * LOW HITPOINT WARNING * * *
The bolt of electricity hits Hori.
The electric eel shoots out a bolt of lightning at you!
The bolt of electricity hits you!
* * * LOW HITPOINT WARNING * * *
The bolt of electricity hits you.
* * * LOW HITPOINT WARNING * * *
The bolt of electricity hits the electric eel.
The electric eel completely resists.
Hori hits the electric eel with a +0 dagger of draining.
Hori drains the electric eel.
The electric eel shoots out a bolt of lightning at you!
The bolt of electricity hits the electric eel.
The electric eel completely resists.
The bolt of electricity hits the electric eel.
The electric eel completely resists.
The bolt of electricity misses you.
The electric eel shoots out a bolt of lightning at you!
The bolt of electricity hits the electric eel.
The electric eel completely resists.
The bolt of electricity hits you!
You die...

................
............... . .# ..P
..#.######....# .#.# #..#
.###...####...###.###...#
(.#.....<#.....#.........
.##...........P.........#
.##......#...............
.##......##...!##....§§..
.##.............@.§§§§...
.#.?#.##.##...##!RSSS§≈..
.^#.P.#####......§§§§§≈..
....... .........§§§§≈..
...... ...........§§§§...
.>.. .............§§§..#
..................#
##P#..............#


You could see the friendly Hori the hexer and 3 electric eels.

Vanquished Creatures
  2 hydras
  A black mamba (Lair:2)
  4 centaur zombies
  2 cane toads
  Maggie (D:8)
  3 komodo dragons (Lair:1)
  2 polar bears (Lair:2)
  2 hornets
  21 yaks
  2 basilisks (Lair:2)
  2 steam dragons (D:8)
  An acid dragon (D:9)
  11 water moccasins
  2 orc warriors
  A black bear (D:2)
  A necrophage (D:5)
  2 ogres
  7 centaurs
  6 bullfrogs
  19 killer bees
  4 wights
  3 howler monkeys (D:7)
  A jelly (D:6)
  2 orc priests
  4 iguanas
  7 orc wizards
  Natasha (twice) (D:2)
  2 killer bee zombies
  2 howler monkey zombies
  Robin (D:4)
  7 adders
  A gnoll (D:10)
  A shadow imp (D:8)
  A white imp (D:6)
  An ufetubus (D:6)
  A worm (D:3)
  A dart slug (D:2)
  27 orcs
  5 endoplasms
  A giant cockroach (D:4)
  18 goblins
  3 hobgoblins
  7 jackals
  2 quokkas (D:2)
  5 ball pythons
  6 bats
  2 frilled lizards
  10 kobolds
  3 rats (D:2)
222 creatures vanquished.

Vanquished Creatures (collateral kills)
  A wraith (D:9)
  A water moccasin (D:8)
  A scorpion (D:8)
  An electric eel (D:10)
  A centaur zombie (D:8)
  2 orcs
7 creatures vanquished.

Vanquished Creatures (others)
  2 hexers
  47 fungi
  53 plants
102 creatures vanquished.

Grand Total: 331 creatures vanquished

Notes
Turn   | Place    | Note
-------+----------+-------------------------------------------
     0 | D:1      | nickcage the Minotaur Fighter began the quest for the Orb.
     0 | D:1      | Reached XP level 1. HP: 19/19 MP: 0/0
   164 | D:1      | Reached skill level 3 in Long Blades
   594 | D:1      | Reached XP level 2. HP: 26/26 MP: 1/1
  1042 | D:2      | Reached skill level 4 in Long Blades
  1045 | D:2      | Reached XP level 3. HP: 30/31 MP: 2/2
  1099 | D:2      | Identified the ring "Xaanaziz" {rPois rF+}
  1127 | D:2      | Noticed Natasha
  1136 | D:2      | Killed Natasha
  1137 | D:2      | Reached skill level 5 in Long Blades
  1463 | D:2      | Noticed a black bear
  1478 | D:2      | Killed a black bear
  1479 | D:2      | Reached skill level 6 in Long Blades
  1479 | D:2      | Reached XP level 4. HP: 9/39 MP: 3/3
  1479 | D:2      | Reached XP level 5. HP: 11/45 MP: 4/4
  1714 | D:2      | Found an iron altar of Okawaru.
  1818 | D:2      | Noticed Natasha
  1823 | D:2      | Killed Natasha
  1991 | D:3      | Reached skill level 7 in Long Blades
  2289 | D:3      | Found a shadowy altar of Dithmenos.
  2479 | D:3      | Reached XP level 6. HP: 50/51 MP: 5/5
  2720 | D:4      | Noticed Robin
  2731 | D:4      | Killed Robin
  2931 | D:4      | You fall into a shaft and drop 1 floor!
  2931 | D:5      | Entered Level 5 of the Dungeon
  2937 | D:5      | Reached skill level 8 in Long Blades
  3355 | D:4      | Identified the +10 flail "Benir" {freeze, rPois rF+ Will-}
  3922 | D:5      | Reached XP level 7. HP: 55/58 MP: 6/6
  4689 | D:5      | Reached skill level 1 in Maces & Flails
  4689 | D:5      | Reached skill level 5 in Armour
  5595 | D:6      | Found a staircase to the Ecumenical Temple.
  5609 | Temple   | Entered the Ecumenical Temple
  5876 | Temple   | Became a worshipper of Hepliaklqana the Forgotten
  6043 | D:6      | Reached skill level 9 in Long Blades
  6043 | D:6      | Reached XP level 8. HP: 52/67 MP: 7/7
  6616 | D:7      | Reached skill level 5 in Fighting
  7114 | D:7      | Reached skill level 10 in Long Blades
  7389 | D:7      | Reached XP level 9. HP: 67/75 MP: 8/8
  7623 | D:8      | Reached skill level 11 in Long Blades
  7820 | D:8      | Noticed Maggie
  7828 | D:8      | Killed Maggie
  7997 | D:8      | Reached * piety under Hepliaklqana
  8040 | D:8      | Reached skill level 12 in Long Blades
  8065 | D:8      | Reached skill level 10 in Armour
  8121 | D:8      | Found a staircase to the Lair.
  8221 | D:8      | Reached XP level 10. HP: 77/77 MP: 9/9
  8386 | D:8      | Paralysed by a hornet for 3 turns
  8391 | D:8      | Reached skill level 13 in Long Blades
  9723 | D:9      | Reached skill level 14 in Long Blades
  9735 | D:10     | Entered Level 10 of the Dungeon
  9938 | D:10     | Reached ** piety under Hepliaklqana
  9939 | D:10     | Remembered your ancestor Hori as a hexer
 10238 | D:10     | Found an iron altar of Okawaru.
 10736 | D:10     | Reached XP level 11. HP: 48/87 MP: 10/10
 11447 | D:11     | Noticed a boulder beetle
 11458 | D:11     | Noticed a skeletal warrior
 11842 | Lair:1   | Entered Level 1 of the Lair of Beasts
 12025 | Lair:1   | Reached *** piety under Hepliaklqana
 12192 | Lair:1   | Reached skill level 15 in Long Blades
 12276 | Lair:1   | Noticed a five-headed hydra
 12283 | Lair:1   | Killed a five-headed hydra
 13367 | Lair:2   | Noticed a seven-headed hydra
 13378 | Lair:2   | Killed a seven-headed hydra
 13379 | Lair:2   | Reached skill level 10 in Fighting
 13380 | Lair:2   | Reached skill level 16 in Long Blades
 13657 | Lair:2   | Found a staircase to the Swamp.
 13662 | Lair:2   | HP: 4/90 [electric eel/bolt of electricity (6)]
 13663 | Lair:2   | Killed from afar by an electric eel

Illustrated notes

Levels and vault maps discovered:
D:1:      saegor_arrival_simple_c, layout_basic
D:2:      layout_loops_ring, basic_altar, uniq_natasha
D:3:      layout_basic, mainiacjoe_overflow_small_starburst
D:4:      layout_loops_cross, grunt_ministairs_11, uniq_robin
D:5:      layout_cave_pools, portal_sewer_entry_d,
          nicolae_elevator_lobby_asterisk
D:6:      layout_basic, minmay_temple_entry_tees,
          corexii_item_surrounded_by_moat, serial_bayou_pond_d,
          chequers_serial_rivers_small_b, small_statue_alley_b
D:7:      layout_loops_ring
D:8:      layout_loops_ring, due_lair_maze_entry_diamond, kennysheep_potato,
          uniq_maggie
D:9:      layout_rooms, minmay_misc_feat_ornament
D:10:     layout_grid_maze, okawaru_altar_gauntlet_db, kennysheep_pointless_box
D:11:     minmay_curly_fans, layout_basic, lemuel_flame_loot_1
Temple:   mainiacjoe_temple_big_plus
Lair:1:   layout_long_grid, lemuel_fruit_tree, serial_bayou_shore_a,
          grunt_megastairs_1
Lair:2:   layout_regular_city, minmay_swamp_entry_eels,
          minmay_snake_entry_guardpost_small, grunt_megastairs_3,
          serial_bayou_shore_b

Skill      XL: |  1  2  3  4  5  6  7  8  9 10 11 |
---------------+----------------------------------+-----
Long Blades    | 3 4 6 7 8 9 10 12 14 16 | 16.1
Armour         | 4 6 8 10 11 12 | 12.5
Fighting       | 4 5 7 9 10 | 10.3
Maces & Flails | 2 |  2.2
Shields        | 4 |  4.0
Throwing       | |  0.1

Action                   |  1- 3 |  4- 6 |  7- 9 | 10-12 || total
-------------------------+-------+-------+-------+-------++-------
Melee: Long sword        |    64 |    82 |       |       ||   146
       Headbutt          |     6 |    18 |    26 |    36 ||    86
       Flail             |       |    14 |    34 |     9 ||    57
       Great sword       |       |       |   129 |   209 ||   338
Throw: Dart              |       |     2 |     4 |     3 ||     9
Invok: Ancestor Life: He |       |       |       |     1 ||     1
       Recall Ancestor   |       |       |       |     2 ||     2
  Use: Potion            |     1 |       |       |     1 ||     2
       Scroll            |       |     1 |       |     8 ||     9
 Stab: Confused          |       |       |       |     1 ||     1
       Distracted        |       |       |       |     1 ||     1
Armor: Scale mail        |    30 |    25 |       |       ||    55
       Plate armour      |       |    11 |   128 |   141 ||   280
Dodge: Dodged            |    27 |    42 |    71 |    84 ||   224
       Repelled          |       |       |     1 |     1 ||     2
Block: Buckler           |    23 |    15 |     8 |     3 ||    49
